 Dungeon Crawl Stone Soup version 0.30-a0-1043-g60ff8d5f49 (webtiles) character file.

Game seed: 117386679573849662

494 Arcadio the Grave Robber (level 7, -1/46 HPs)
             Began as a Human Necromancer on Apr 9, 2023.
             Slain by a phantom (3 damage)
             ... on level 4 of the Dungeon.
             The game lasted 00:09:20 (4477 turns).

Arcadio the Grave Robber (Human Necromancer)        Turns: 4477, Time: 00:09:20

Health: -1/46      AC:  7    Str:  9    XL:     7   Next: 38%
Magic:  13/13      EV: 13    Int: 17    God:
Gold:   191        SH:  0    Dex: 13    Spells: 1/14 levels left

rFire   . . .      SeeInvis .    k - +1 dagger (venom)
rCold   . . .      Faith    .    (no shield)
rNeg    . . .      Spirit   .    a - +0 robe
rPois   .          Reflect  .    f - +0 hat
rElec   .          Rampage  .    (no cloak)
rCorr   +                        m - +0 pair of gloves
Will    .....                    (no boots)
Stlth   ++                       (no amulet)
HPRegen 0.27/turn                e - ring of resist corrosion
MPRegen 0.13/turn                g - +4 ring of protection

@: studying Stealth
A: no striking features
a: no special abilities


You were on level 4 of the Dungeon.
You visited 1 branch of the dungeon, and saw 5 of its levels.

You collected 191 gold pieces.

Inventory:

Hand Weapons
 d - a +0 dagger
 h - a +4 dagger
 k - a +1 dagger of venom (weapon)
 w - a +0 shortbow
Missiles
 u - 6 silver boomerangs (quivered)
Armour
 a - a +0 robe (worn)
 f - a +0 hat (worn)
 m - a +0 pair of gloves (worn)
Jewellery
 e - a ring of resist corrosion (left hand)
 g - a +4 ring of protection (right hand)
Scrolls
 c - 2 scrolls of magic mapping
 i - 2 scrolls of teleportation {unknown}
 l - a scroll of silence {unknown}
 o - 2 scrolls of immolation
 r - 2 scrolls of enchant armour {unknown}
 s - a scroll of fear {unknown}
 v - a scroll of acquirement {unknown}
 x - a scroll of summoning {unknown}
 y - a scroll of noise {unknown}
Potions
 b - a potion of magic
 j - a potion of attraction
 n - 2 potions of haste
 p - a potion of mutation {unknown}
 q - 2 potions of curing
 t - a potion of flight {unknown}
 z - a potion of degeneration {unknown}


   Skills:
 + Level 4.4 Dodging
 + Level 3.5 Stealth
 + Level 4.1 Spellcasting
 + Level 5.7 Necromancy


You had one spell level left.
You knew the following spells:

 Your Spells              Type           Power      Damage    Failure   Level
a - Necrotise             Necr           88%        1d8       1%          1
b - Vampiric Draining     Necr           22%        2d7       4%          3
c - Animate Dead          Necr           22%        N/A       16%         4
d - Agony                 Necr           22%        N/A       38%         5

Your spell library contained the following spells:

 Spells                   Type           Power      Damage    Failure   Level
 Static Discharge         Conj/Air       6%         2-3/arc   24%         2
 Airstrike                Air            1%         2d(1-17)  83%         4
 Summon Lightning Spire   Summ/Air       3%         N/A       83%         4


Dungeon Overview and Level Annotations

Branches:
Dungeon (5/15) Zot: 25502
 Temple: D:4-7

Altars:
Fedhas

Annotations:
D:5 Prince Ribbit


Message History

The phantom is almost destroyed.
The phantom hits you.
The phantom blinks!
You blink.
You hit the phantom but do no damage.
The phantom is almost destroyed.
The phantom hits you but does no damage.
You barely miss the phantom.
The phantom is almost destroyed.
The phantom hits you but does no damage.
You closely miss the phantom.
The phantom is almost destroyed.
The phantom hits you but does no damage.
You miss the phantom.
The phantom is almost destroyed.
The phantom completely misses you.
You hit the phantom but do no damage.
The phantom is almost destroyed.
The phantom hits you.
You hit the phantom.
The phantom is almost destroyed.
The phantom hits you.
* * * LOW HITPOINT WARNING * * *
The phantom blinks!
You blink.
The phantom misses you.
You hit the phantom.
The phantom is almost destroyed.
The phantom hits you but does no damage.
You closely miss the phantom.
The phantom is almost destroyed.
The phantom hits you but does no damage.
You hit the phantom but do no damage.
The phantom is almost destroyed.
The phantom misses you.
You hit the phantom but do no damage.
The phantom is almost destroyed.
The phantom hits you.
* * * LOW HITPOINT WARNING * * *
You closely miss the phantom.
The phantom is almost destroyed.
The phantom hits you.
You die...

...#######.#...## #####.##
.#.........##.## #.#
.############'## #.# .#
##...## #.# .####
##.....#######.##### ....##
##..>....##.........#
.#...####.........#.##...##.#
.....)..'.........'...<...#.#
.#...####.......@.#.##......#
......# ##.....W.##.###.....#
###...## ##.....###.# ##....#
###....#####...## #.# ##.#.#
.....#.........####<#####.#.#
####.#.##........##.........#
#...#.#.......########.###
#..#.#.#......# #.#
#.#.##.#....### #.#


You could see a phantom.

Vanquished Creatures
  A centaur (D:4)
  A phantom (D:4)
  A howler monkey (D:4)
  An orc priest (D:3)
  2 hounds (D:4)
  A jelly (D:4)
  An orc wizard (D:2)
  7 adders
  A worm (D:3)
  11 dart slugs
  6 orcs
  2 bats
  7 endoplasms
  4 giant cockroaches
  5 goblins
  5 hobgoblins
  2 jackals (D:2)
  3 quokkas
  A ball python (D:2)
  A frilled lizard (D:1)
  4 kobolds
  2 rats
69 creatures vanquished.

Notes
Turn   | Place    | Note
-------+----------+-------------------------------------------
     0 | D:1      | Arcadio the Human Necromancer began the quest for the Orb.
     0 | D:1      | Reached XP level 1. HP: 13/13 MP: 3/3
   687 | D:1      | Reached XP level 2. HP: 11/19 MP: 5/5
   987 | D:1      | Found a faded altar of an unknown god.
  1181 | D:2      | Found a blossoming altar of Fedhas.
  1225 | D:2      | Reached XP level 3. HP: 18/24 MP: 4/6
  1229 | D:2      | Learned a level 3 spell: Vampiric Draining
  2036 | D:2      | Reached XP level 4. HP: 27/30 MP: 3/8
  2317 | D:3      | Reached XP level 5. HP: 35/35 MP: 9/9
  2694 | D:3      | Reached skill level 5 in Necromancy
  2886 | D:4      | Noticed a centaur
  3020 | D:4      | Learned a level 4 spell: Animate Dead
  3134 | D:4      | Reached XP level 6. HP: 40/41 MP: 11/11
  3594 | D:4      | Reached XP level 7. HP: 46/46 MP: 8/12
  3988 | D:5      | Entered Level 5 of the Dungeon
  4120 | D:5      | Noticed Prince Ribbit
  4219 | D:4      | Learned a level 5 spell: Agony
  4476 | D:4      | HP: 2/46 [phantom (5)]
  4477 | D:4      | Slain by a phantom

Illustrated notes

Levels and vault maps discovered:
D:1:      saegor_arrival_simple_d, layout_basic,
          hellmonk_ecumenical_altar_inner_sanctum
D:2:      layout_loops_ring, basic_altar
D:3:      kennysheep_slugbush, layout_rooms, kennysheep_generic_room_15
D:4:      layout_loops_corners, minmay_manual_mess
D:5:      layout_rooms, gammafunk_ghost_necromancy, uniq_prince_ribbit1

Skill      XL: |  1  2  3  4  5  6  7 |
---------------+----------------------+-----
Dodging        | 3 4 |  4.4
Spellcasting   | 3 4 |  4.1
Necromancy     | 5 |  5.7
Stealth        | 3 |  3.5

Action                     |  1- 3 |  4- 6 |  7- 9 || total
---------------------------+-------+-------+-------++-------
  Melee: Dagger            |    64 |   132 |   117 ||   313
         Punch             |     1 |     1 |     1 ||     3
   Cast: Necrotise         |     6 |     3 |       ||     9
         Vampiric Draining |       |     7 |     3 ||    10
    Use: Scroll            |     1 |       |     4 ||     5
   Stab: Sleeping          |     2 |     4 |       ||     6
         Distracted        |       |     1 |       ||     1
 Armour: Robe              |    30 |    37 |    40 ||   107
  Dodge: Dodged            |    45 |    95 |    50 ||   190

Table legend: (Time is in decaauts)
 A = Elapsed time spent in this place.
 B = Non-inter-level travel time spent in this place.
 C = Inter-level travel time spent in this place.
 D = Time resting spent in this place.
 E = Time spent auto-exploring this place.
 F = Levels seen in this place.
 G = Mean time per level.
                   A        B        C        D        E       F      G
               +--------+--------+--------+--------+--------+-----+--------+
         Total |   4496 |   4265 |    231 |    372 |   2907 |   5 |  899.2 |
       Dungeon |   4496 |   4265 |    231 |    372 |   2907 |   5 |  899.2 |
               +--------+--------+--------+--------+--------+-----+--------+

Top non-repeatable levels by time:
     D:4: 1379 daAuts
     D:1: 1082 daAuts
     D:2: 1052 daAuts
     D:3: 850 daAuts
     D:5: 131 daAuts
